[Event "Early-Titled-Tuesday-Blitz-October-03-2023"]
[Site "Chess.com"]
[Date "2023.10.03"]
[Round "2"]
[White "BilodeauA"]
[Black "aa175"]
[Result "1-0"]
[WhiteElo "2913"]
[BlackElo "2607"]
[TimeControl "180+1"]
[EndTime "8:17:49 PDT"]
[Termination "BilodeauA won by resignation"]

1. e4 e5 2. Nf3 Nf6 3. Nxe5 d6 4. Nf3 Nxe4 5. Nc3 Nxc3 6. dxc3 Be7 7. Bd3 Nd7 8. Be3 Nf6 9. Qe2 O-O 10. O-O-O c5 11.
Kb1 Qa5 12. c4 b5 13. Bd2 Qc7 14. cxb5 a6 15. b6 Qxb6 16. Qxe7 Re8 17. Bxh7+ Kxh7 18. Ng5+ Kh8 19. Qxf7 Bf5 20. Bc3 Ra7 21. Qc4 d5 22. Qh4+ Kg8 23. Rhe1 Rae7 24. Rxe7 Rxe7 25. Bxf6 Qxf6 26.
Nf3 Bxc2+ 27. Kxc2 Re2+ 28. Rd2 Rxd2+ 29. Kxd2 Qxb2+ 30. Ke3 Qc1+ 31. Ke2 Qc2+ 32. Nd2 Qxa2 33. Qd8+ Kh7 34.
Qd6 d4 35. Qxc5 Qe6+ 36. Kd3 Qg6+ 37. Ne4 Qxg2 38. Qf5+ Kg8 39. Ng5 Qf1+ 40. Kd2 Qc4 41. Qe6+ Qxe6 42. Nxe6 Kf7 43. Nxd4 Kf6 44. Nc6 Kf5 45. Ke3 Kg4 46. Ke4 Kh3 47. Kf5 Kxh2 48. Kg6 Kg2 49. f4 Kf3 50. f5 Kf4 51. Nd4 Ke4 52.
Kxg7 Kxd4 53. f6 a5 54. f7 a4 55. f8=Q Kc4 56. Qa3 1-0

[Event "Early-Titled-Tuesday-Blitz-October-03-2023"]
[Site "Chess.com"]
[Date "2023.10.03"]
[Round "2"]
[White "crazy_but_lazy"]
[Black "shimastream"]
[Result "0-1"]
[WhiteElo "2621"]
[BlackElo "2961"]
[TimeControl "180+1"]
[EndTime "8:17:51 PDT"]
[Termination "shimastream won by resignation"]

1. d4 Nf6 2. Nf3 d6 3. Nc3 g6 4.
e4 Bg7 5. Bd3 O-O 6. O-O Nc6 7.
h3 e5 8. dxe5 Nxe5 9. Nxe5 dxe5 10. Bg5 h6 11. Be3 Qe7 12. Qe2 c6 13. a3 Nh5 14.
Bc4 Nf4 15. Qf3 Qf6 16. Kh2 Ne6 17. Qxf6 Bxf6 18. Bxh6 Rd8 19. Be3 Nd4 20. Bxd4 exd4 21. Ne2 b5 22. Bd3 Rb8 23. a4 a6 24. axb5 axb5 25.
b3 c5 26. Ra5 Bd7 27. f4 Rdc8 28. e5 Bg7 29. Be4 Be6 30. Ng3 c4 31. bxc4 bxc4 32.
Rd1 d3 33. cxd3 c3 34. d4 Rb4 35. d5 Bd7 36. e6 fxe6 37. dxe6 Bxe6 38. Bxg6 Rxf4 39.
Nh5 Rf2 40. Nxg7 Kxg7 41. Be4 Rc4 42. Rg5+ Kf8 43. Bd3 c2 44. Rc1 Rc3 45. Bg6 Ke7 46.
Rg3 Rc5 47. Be4 Re2 48. Bd3 Rd2 49. Re3 Kf6 50. Be4 Bd7 51. Rf1+ Kg7 52. Rc1 Ba4 53. Rd3 Rd1 54. Rdxd1 cxd1=Q 55. Rxc5 Qd6+ 0-1

[Event "Early-Titled-Tuesday-Blitz-October-03-2023"]
[Site "Chess.com"]
[Date "2023.10.03"]
[Round "2"]
[White "Sadykov_Ramil"]
[Black "ContrVersia"]
[Result "0-1"]
[WhiteElo "2603"]
[BlackElo "2895"]
[TimeControl "180+1"]
[EndTime "8:17:53 PDT"]
[Termination "ContrVersia won by resignation"]

1. e4 c5 2. Nf3 a6 3. c4 Nc6 4. d4 cxd4 5. Nxd4 e5 6. Nf5 d6 7.
Ne3 g6 8. Nc3 Bh6 9. Ned5 Bxc1 10.
Rxc1 Be6 11. Be2 Nd4 12. Bg4 Nf6 13. Bxe6 fxe6 14. Nxf6+ Qxf6 15. O-O O-O 16. Ne2 Rac8 17.
Qd3 b5 18. f3 b4 19. Rfd1 Nxe2+ 20. Qxe2 Rc6 21. Rd2 Qe7 22. Rcd1 a5 23. b3 a4 24.
Rd3 axb3 25. axb3 Ra8 26. Qd2 Qa7+ 27. Kh1 Qc5 28. h3 Raa6 29. Kh2 Kf7 30. Kg3 Qb6 31. Qh6 Kg8 32. Qg5 Qc7 33. Qf6 Qf7 34. Qd8+ Qf8 35. Qd7 Qf4+ 36. Kf2 Ra2+ 37. Kg1 Qg3 38. R3d2 Rxd2 39.
Rxd2 Ra6 40. Qxe6+ Kg7 41. Qe7+ Kh6 42. Qf8+ Kh5 43.
Rd1 Ra2 0-1

[Event "Early-Titled-Tuesday-Blitz-October-03-2023"]
[Site "Chess.com"]
[Date "2023.10.03"]
[Round "2"]
[White "FMVolodymyrSakun"]
[Black "Ergali_Suleimen"]
[Result "0-1"]
[WhiteElo "2658"]
[BlackElo "2393"]
[TimeControl "180+1"]
[EndTime "8:17:53 PDT"]
[Termination "Ergali_Suleimen won by resignation"]

1. e4 c5 2. Nf3 Nc6 3. Bb5 g6 4. c3 Bg7 5. O-O e5 6. d4 cxd4 7. cxd4 exd4 8. Bf4 a6 9. Ba4 Nge7 10. Bd6 b5 11.
Bb3 Bb7 12. Ng5 O-O 13. Qf3 Qe8 14. Qh3 h6 15. Nf3 Na5 16. Nbd2 Nxb3 17. Nxb3 Bxe4 18. Rfe1 f5 19. Nc5 Rf6 20. Be5 Qf7 21. Bxf6 Qxf6 22.
Nxe4 fxe4 23. Rxe4 Nf5 24. Rd1 Rc8 25. g4 d5 26. Re5 Nd6 27. Rxd5 Qe6 28. R5xd4 Bxd4 29. Nxd4 Qe4 30. Qf3 Rc4 31. Qxe4 Nxe4 32. Kg2 Nf6 33. Kf3 Kf7 34. h3 b4 35. Ke3 Nd5+ 36. Ke4 Nf6+ 37. Kd3 Rc7 38. f4 a5 39. Re1 Rd7 40.
Rf1 Nd5 41. Kc4 Ne3+ 42. Kc5 Nxf1 43. Nc6 Ke6 44. Nxa5 Nd2 45. Kxb4 Ne4 46. Nc4 Rd4 47. b3 Nd6 48. Kc3 Rxf4 49. Nd2 Ne4+ 50. Kd3 Nxd2 51. Kxd2 Rf2+ 0-1

[Event "Early-Titled-Tuesday-Blitz-October-03-2023"]
[Site "Chess.com"]
[Date "2023.10.03"]
[Round "2"]
[White "borocotoajua"]
[Black "Cayse"]
[Result "1-0"]
[WhiteElo "2616"]
[BlackElo "2858"]
[TimeControl "180+1"]
[EndTime "8:17:54 PDT"]
[Termination "borocotoajua won by resignation"]

1. d4 e6 2. Nf3 b6 3. c4 Bb7 4.
g3 Nf6 5. Bg2 c5 6. d5 exd5 7. Nh4 g6 8. O-O Bg7 9. cxd5 d6 10. Nc3 O-O 11. a4 a6 12. Bf4 h6 13.
Nf3 Re8 14. Qb3 Nh5 15. Bd2 Nd7 16. g4 Nhf6 17. h3 Rc8 18. Bf4 c4 19. Qc2 Nc5 20.
Nd4 Nxg4 21. Nc6 Bxc6 22. dxc6 Ne5 23. Rad1 Nxc6 24. Rxd6 Nd4 25. Qd1 Qe7 26. Rxd4 Bxd4 27. Qxd4 Ne6 28. Qe3 Nxf4 29. Qxf4 Qg5 30. Qxg5 hxg5 31.
Bb7 Rcd8 32. Bxa6 Rd4 33. e3 Rh4 34. Kg2 Rd8 35. Rd1 Rxd1 36. Nxd1 Kf8 37. Nc3 f5 38. Nd5 g4 39. hxg4 Rxg4+ 40. Kf3 Kg7 41. Nxb6 c3 42. bxc3 Kf6 43. Bc4 Rg1 44. Bb5 Rh1 45. c4 g5 46.
c5 g4+ 47. Kg2 Rc1 48. c6 Ke6 49. Nc4 Rh1 50. Kxh1 1-0

[Event "Early-Titled-Tuesday-Blitz-October-03-2023"]
[Site "Chess.com"]
[Date "2023.10.03"]
[Round "2"]
[White "Kopytkin"]
[Black "chess94cu"]
[Result "1-0"]
[WhiteElo "2404"]
[BlackElo "2693"]
[TimeControl "180+1"]
[EndTime "8:17:54 PDT"]
[Termination "Kopytkin won by checkmate"]

1. d4 Nf6 2. Bg5 e6 3. Nd2 h6 4.
Bh4 g5 5. Bg3 d6 6. e4 Bg7 7. h4 g4 8. Bd3 Nbd7 9. h5 b6 10.
Ne2 Bb7 11. Nc3 a6 12. Qe2 e5 13. dxe5 Nxe5 14. Bxe5 dxe5 15. O-O-O Qe7 16. Nc4 O-O-O 17. Ne3 a5 18. Nf5 Qf8 19. Ba6 Nd7 20. Bb5 Bf6 21. Qxg4 Rg8 22. Qe2 Nc5 23. f3 Ne6 24. g4 Nd4 25.
Nxd4 exd4 26. Nd5 Bxd5 27. exd5 Qe7 28. Qxe7 Bxe7 29. Bc6 Bg5+ 30. Kb1 Be3 31. Rhe1 f5 32. gxf5 Rgf8 33. c3 Rxf5 34. cxd4 Bg5 35. Rd3 Bf6 36. a3 Rxh5 37. b4 a4 38. Bxa4 Rh4 39. Re4 h5 40. Bc6 Rg8 41. Rxh4 Bxh4 42. a4 Bf6 43. a5 h4 44. a6 Kb8 45. a7+ Kxa7 46. Ra3+ Kb8 47. Ra8# 1-0

[Event "Early-Titled-Tuesday-Blitz-October-03-2023"]
[Site "Chess.com"]
[Date "2023.10.03"]
[Round "2"]
[White "ShiroglanTalibov"]
[Black "GeorgiosSouleidis"]
[Result "1-0"]
[WhiteElo "2890"]
[BlackElo "2600"]
[TimeControl "180+1"]
[EndTime "8:17:55 PDT"]
[Termination "ShiroglanTalibov won on time"]

1. d4 Nf6 2. c4 g6 3. Nc3 Bg7 4. e4 d6 5. Nf3 O-O 6. Be2 e5 7.
Be3 Ng4 8. Bg5 f6 9. Bh4 Nc6 10. d5 Ne7 11. h3 Nh6 12. g4 Nf7 13. Qc2 c6 14. O-O-O cxd5 15. cxd5 Bd7 16. Kb1 Rc8 17. Qb3 b5 18. Bxb5 Rb8 19. Qa4 Qb6 20. Rd2 Bxb5 21. Nxb5 Qxb5 22. Qxa7 Rb7 23. Qa3 Rc8 24. Qd3 Qa4 25. b3 Qb4 26. Rc2 Rbc7 27. Rhc1 Rxc2 28. Rxc2 Rxc2 29. Qxc2 g5 30. Bg3 Nd8 31. Nd2 Nb7 32. Nc4 Ng6 33. f3 Bf8 34. Qd2 Qb5 35. Kb2 Nc5 36.
Bf2 Nf4 37. Kc2 h6 38. Qa5 Qb8 39. Bxc5 dxc5 40. Qa6 Kf7 41. a4 h5 42. a5 Ne2 43.
Qb6 Nd4+ 44. Kc3 Qa8 45. a6 Be7 46. Qb7 Qd8 47. d6 1-0

[Event "Early-Titled-Tuesday-Blitz-October-03-2023"]
[Site "Chess.com"]
[Date "2023.10.03"]
[Round "2"]
[White "attack2mateU"]
[Black "crazy_m_attack"]
[Result "0-1"]
[WhiteElo "2724"]
[BlackElo "2408"]
[TimeControl "180+1"]
[EndTime "8:17:55 PDT"]
[Termination "crazy_m_attack won by resignation"]

1. e4 e5 2. Nf3 Nc6 3. Bc4 Nf6 4.
d3 Be7 5. O-O O-O 6. Re1 d6 7.
a4 Na5 8. Ba2 c5 9. c3 Nc6 10. Na3 Be6 11. Bxe6 fxe6 12. Nc2 Qd7 13. b4 cxb4 14. cxb4 Rac8 15. b5 Nd8 16. d4 exd4 17.
Ncxd4 Nf7 18. Qb3 d5 19. exd5 exd5 20. Bb2 Rfe8 21. Rad1 Bd6 22. Nc2 Qf5 23. Ne3 Qf4 24.
Bxf6 Qxf6 25. Nxd5 Qh6 26. h3 Rxe1+ 27. Rxe1 Rc1 28.
g3 Rxe1+ 29. Nxe1 Qxh3 30. Qe3 Qd7 31. Qxa7 Bxg3 32. Qa8+ Nd8 33. fxg3 Qxd5 34. Kf2 Kf7 35. Nf3 Ne6 36. Qa7 Qa2+ 37. Kg1 Qb2 38. Qf2 Qa1+ 39.
Kg2 Kg8 40. Qe2 Qf6 41. Qe5 Qg6 42. a5 Qc2+ 43. Kh3 Qc8 44. g4 h5 45. gxh5 Ng5+ 46.
Kh4 Nxf3+ 0-1

[Event "Early-Titled-Tuesday-Blitz-October-03-2023"]
[Site "Chess.com"]
[Date "2023.10.03"]
[Round "2"]
[White "microbear"]
[Black "WindWhistler11"]
[Result "0-1"]
[WhiteElo "2199"]
[BlackElo "2465"]
[TimeControl "180+1"]
[EndTime "8:17:57 PDT"]
[Termination "WindWhistler11 won by resignation"]

1. e4 e6 2. d4 d5 3. exd5 exd5 4.
Bd3 Nc6 5. c3 Nge7 6. Qf3 Be6 7.
Ne2 Qd7 8. h3 O-O-O 9. Bf4 h6 10. Nd2 g5 11. Bh2 Bg7 12. O-O-O f5 13. Ng3 f4 14.
Nh5 Nf5 15. Nxg7 Qxg7 16. g3 fxg3 17. Bxg3 Rhf8 18. Bxf5 Bxf5 19. Qh5 Qf6 20. Rde1 Bh7 21. Re3 Kb8 22. Rhe1 Qf5 23. Qd1 Na5 24. b3 a6 25. Kb2 Nc6 26. Nf3 Qxh3 27. Ne5 Nxe5 28. Rxe5 Be4 29. Re7 Rd7 30. Rxd7 Qxd7 31. Qh5 Rf6 32.
Re2 Ka7 33. Re3 Qb5 34. Qe2 Qxe2+ 35. Rxe2 h5 36. Be5 Rf3 37. Bxc7 h4 38. c4 g4 39. cxd5 Bxd5 40. a4 h3 41. a5 Rxb3+ 42. Kc2 Rb4 43. Bb6+ Rxb6 44. axb6+ Kxb6 45. f4 g3 0-1

[Event "Early-Titled-Tuesday-Blitz-October-03-2023"]
[Site "Chess.com"]
[Date "2023.10.03"]
[Round "2"]
[White "MAGMAchess02"]
[Black "Sergey85Rodchenkov"]
[Result "1-0"]
[WhiteElo "2357"]
[BlackElo "2514"]
[TimeControl "180+1"]
[EndTime "8:17:58 PDT"]
[Termination "MAGMAchess02 won on time"]

1. Nf3 d5 2. c4 dxc4 3. e3 Nf6 4. Bxc4 a6 5. O-O e6 6. Qe2 Nbd7 7. Rd1 b5 8. Bb3 c5 9. a4 Bb7 10. d4 c4 11. Bc2 Be7 12. b3 cxb3 13. Bxb3 bxa4 14. Bxa4 O-O 15. Ba3 Rc8 16. Ne5 Nb6 17. Bb3 Ne4 18. Qb2 Bxa3 19. Nxa3 Qg5 20. Nf3 Qf6 21. Nc4 Nxc4 22.
Bxc4 Rxc4 23. Qxb7 Ng5 24. Nxg5 Qxg5 25. Rxa6 h5 26. Qe4 h4 27. h3 Rfc8 28. Ra8 Rxa8 29. Qxa8+ Kh7 30. Qe4+ g6 31. Ra1 Kg7 32. Qf3 Qf5 33.
Qxf5 gxf5 34. Kf1 Rc2 35. Re1 Rc4 36. Ke2 Rc2+ 37. Kf3 Kf6 38. Rb1 Rc8 39. Rb7 Rh8 40. Rc7 Rd8 41. Rb7 Rh8 42. Ke2 Rc8 43. Ra7 Rb8 44. Ra3 Kg6 45. Ra5 Kg5 46. Kf3 Rd8 47. Ra8 Kg6 48. Rxd8 1-0

[Event "Early-Titled-Tuesday-Blitz-October-03-2023"]
[Site "Chess.com"]
[Date "2023.10.03"]
[Round "2"]
[White "taleslascando"]
[Black "NovikovaGalina"]
[Result "0-1"]
[WhiteElo "2006"]
[BlackElo "2406"]
[TimeControl "180+1"]
[EndTime "8:17:58 PDT"]
[Termination "NovikovaGalina won on time"]

1. e4 e5 2. Nf3 Nc6 3. Bb5 Nge7 4.
c3 g6 5. O-O Bg7 6. d4 O-O 7. d5 Nb8 8. c4 d6 9. Ne1 Nd7 10. Nd3 c6 11. Ba4 cxd5 12. cxd5 Nb6 13. Nc3 Nxa4 14. Qxa4 Bd7 15. Qb4 Qc7 16. Be3 a5 17. Qb3 a4 18. Qb4 a3 19. bxa3 Rfc8 20. Rfc1 Qb8 21. a4 h6 22. Nb5 Bxb5 23. axb5 Rxc1+ 24. Nxc1 f5 25. f3 f4 26. Bf2 g5 27. a4 h5 28. h3 g4 29. hxg4 hxg4 30. fxg4 Ng6 31. Nd3 Kh7 32. Rc1 Qd8 33. b6 Qg5 34. Rc7 Qxg4 35.
Qxd6 f3 36. g3 Qh3 37. Ne1 Rxa4 38. Nxf3 Ra1+ 39. Ne1 Rb1 40. Rxb7 Nf4 41. Rxg7+ Kxg7 42. Qxe5+ Kg8 43. Qxf4 Qd7 0-1

[Event "Early-Titled-Tuesday-Blitz-October-03-2023"]
[Site "Chess.com"]
[Date "2023.10.03"]
[Round "2"]
[White "baki83"]
[Black "LikeWater"]
[Result "1-0"]
[WhiteElo "2822"]
[BlackElo "2568"]
[TimeControl "180+1"]
[EndTime "8:17:59 PDT"]
[Termination "baki83 won on time"]

1. e4 g6 2. h4 d5 3. e5 Bg7 4.
d4 c5 5. c3 f6 6. Nf3 Bg4 7. h5 fxe5 8. h6 Bf6 9. dxe5 Bxf3 10. Qa4+ Kf7 11. exf6 Be4 12. fxe7 Qxe7 13. Be3 Nf6 14.
Nd2 Nc6 15. Nxe4 Qxe4 16. Qxe4 Nxe4 17. O-O-O Rhd8 18. Bd3 c4 19. Bxe4 dxe4 20. Rh4 Rxd1+ 21. Kxd1 Re8 22. Rf4+ Kg8 23. Kc2 Re6 24. Bd4 a6 25. Bg7 Re8 26. Kd2 Rd8+ 27. Ke2 Ne7 28. Rxe4 Nf5 29. Bf6 Rd6 30. Bg5 Rc6 31. Re8+ Kf7 32. Rh8 Ke6 33. Rxh7 Nd6 34. Re7+ Kf5 35. h7 Rc8 36. f4 Kg4 37. Bf6 Nf5 38. Rxb7 Re8+ 39.
Kd2 Ne3 40. h8=Q Nf1+ 41. Kc1 Re1+ 42. Kc2 1-0

[Event "Early-Titled-Tuesday-Blitz-October-03-2023"]
[Site "Chess.com"]
[Date "2023.10.03"]
[Round "2"]
[White "tylityli"]
[Black "ural58"]
[Result "0-1"]
[WhiteElo "2332"]
[BlackElo "2523"]
[TimeControl "180+1"]
[EndTime "8:18:00 PDT"]
[Termination "ural58 won on time"]

1. d4 d5 2. c4 e5 3. dxe5 d4 4. Nf3 Nc6 5. a3 g6 6. e3 Bg4 7. exd4 Bxf3 8. Qxf3 Nxd4 9. Qd3 Bg7 10. Bf4 Ne7 11.
Nd2 Nec6 12. O-O-O O-O 13. Nf3 Nxf3 14. Qxf3 Nd4 15.
Qd5 Ne6 16. Qxd8 Rfxd8 17. Rxd8+ Rxd8 18. Bg3 h5 19. Be2 Nd4 20. Bd3 Nc6 21. Be4 Na5 22.
Rd1 Re8 23. Bd3 c5 24. Kc2 b6 25. Re1 Nc6 26. f4 Rd8 27. Kc3 Nd4 28. Bf2 Ne6 29.
g3 Kh7 30. Be4 f6 31. Bd5 Nc7 32. e6 f5+ 33. Kc2 Bf6 34. e7 Re8 35. Bc6 Rxe7 36. Rxe7+ Bxe7 37. Be1 Bf6 38. Bc3 Kg7 39. Bxf6+ Kxf6 40. b4 Ne6 41. Kd3 Nd4 42. Bg2 a5 43. Bd5 g5 44. fxg5+ Kxg5 45. Bf7 Nf3 46. h4+ Kg4 47. Be6 Nd4 0-1

[Event "Early-Titled-Tuesday-Blitz-October-03-2023"]
[Site "Chess.com"]
[Date "2023.10.03"]
[Round "2"]
[White "Aradhya2000"]
[Black "EvgenyBurmakin"]
[Result "1-0"]
[WhiteElo "2694"]
[BlackElo "2339"]
[TimeControl "180+1"]
[EndTime "8:18:03 PDT"]
[Termination "Aradhya2000 won by resignation"]

1. d4 Nf6 2. Nf3 g6 3. g3 Bg7 4. Bg2 O-O 5. O-O d5 6. Ne5 c6 7.
c4 Be6 8. cxd5 cxd5 9. Nc3 Nfd7 10. Nxd5 Nxe5 11. dxe5 Bxe5 12. Bg5 Nc6 13. Rc1 Re8 14. Qd2 Qd7 15. Rfd1 Bg7 16. Qe3 Bxd5 17. Bxd5 Qf5 18. Qf4 Qxf4 19. Bxf4 Rac8 20. Bxc6 bxc6 21. b3 Red8 22.
Rxd8+ Rxd8 23. Rxc6 Bd4 24. Kg2 Kg7 25. Rc7 Kf6 26.
h4 Ke6 27. Rc6+ Kd5 28. Ra6 e5 29. Bg5 Rd7 30. Ra5+ Ke6 31. e4 Bb6 32. Ra4 f6 33. Be3 Bxe3 34. fxe3 Rd2+ 35. Kf3 Rd7 36. Ra6+ Kf7 37.
g4 Rc7 38. g5 fxg5 39. hxg5 Kg7 40. Re6 h6 41. gxh6+ Kxh6 42. Rxe5 Rc2 43. Ra5 Rc7 44. e5 Kg7 45. Ra6 Kf7 46. Kf4 Kg7 47. Kg5 Rf7 48.
Rxg6+ Kf8 49. Rf6 Ke7 50. Rxf7+ Kxf7 51. Kf5 1-0

[Event "Early-Titled-Tuesday-Blitz-October-03-2023"]
[Site "Chess.com"]
[Date "2023.10.03"]
[Round "2"]
[White "stepanosinovsky"]
[Black "kushbhagat2009"]
[Result "1-0"]
[WhiteElo "2385"]
[BlackElo "2637"]
[TimeControl "180+1"]
[EndTime "8:18:03 PDT"]
[Termination "stepanosinovsky won by checkmate"]

1. Nf3 Nf6 2. g3 g6 3. Bg2 Bg7 4. O-O O-O 5. d3 d6 6. e4 c5 7.
Nbd2 Nc6 8. Re1 Rb8 9. e5 dxe5 10.
Nxe5 Nxe5 11. Rxe5 Qc7 12. Qe2 Be6 13. Nf3 Rfe8 14. Rxe6 fxe6 15. Qxe6+ Kh8 16. Ng5 h6 17. Bf4 Qb6 18. Bxb8 Rxb8 19. Qxb6 axb6 20. Ne6 Nd7 21. Nxg7 Kxg7 22. Re1 Kf6 23. Bh3 Nf8 24. f4 Ra8 25. a3 g5 26. fxg5+ hxg5 27. Bg2 Ra7 28. h4 gxh4 29.
gxh4 b5 30. Kf2 b4 31. axb4 cxb4 32. Ke3 Ra2 33. Rb1 b5 34. Bd5 Ra6 35. Rf1+ Kg7 36. Rf7+ Kg8 37. Rxe7+ Kh8 38. Be4 Ra2 39. Rf7 Kg8 40. Bd5 Rxb2 41. h5 Nh7 42. h6 Kh8 43. Bb3 Ng5 44. Rg7 Nh3 45. Rg3 Nf4 46. Kxf4 Rxb3 47. cxb3 Kh7 48. Ke5 Kh8 49. Kd4 Kh7 50. Kc5 Kh8 51. Kxb4 Kh7 52. Kxb5 Kh8 53. Kc4 Kh7 54. b4 Kh8 55. b5 Kh7 56. Kc5 Kh8 57. h7 Kxh7 58. b6 Kh8 59. b7 Kh7 60. b8=Q Kh6 61.
Qh8# 1-0

[Event "Early-Titled-Tuesday-Blitz-October-03-2023"]
[Site "Chess.com"]
[Date "2023.10.03"]
[Round "2"]
[White "Antik5"]
[Black "valemava"]
[Result "1/2-1/2"]
[WhiteElo "2497"]
[BlackElo "2280"]
[TimeControl "180+1"]
[EndTime "8:18:04 PDT"]
[Termination "Game drawn by repetition"]

1. c4 c6 2. d4 b5 3. cxb5 cxb5 4. e4 Bb7 5. f3 a6 6. Be3 e6 7. Nd2 Nf6 8. Bd3 Nc6 9. Ne2 d6 10. O-O Be7 11. a4 b4 12. Nc4 d5 13. exd5 Nxd5 14.
Bf2 O-O 15. a5 Bf6 16. Be4 Rc8 17. Bxd5 exd5 18. Nb6 Rc7 19. Nf4 Ne7 20. Nd3 Qd6 21.
Bg3 Bxd4+ 22. Kh1 Qd8 23. Bxc7 Qxc7 24. Rc1 Qd8 25. Na4 Be3 26. Ra1 Nf5 27. Nxb4 Ba7 28. Nd3 Ne3 29. Qe2 Nxf1 30. Qxf1 Qxa5 31. Nac5 Qb6 32.
Nxb7 Qxb7 33. Qd1 Be3 34. Qa4 Ra8 35. b4 h5 36. b5 Qb6 37. bxa6 g5 38. h3 Kg7 39.
Qa5 Qd4 40. Rd1 Bf4 41. Qb5 Rd8 42. Qb3 Qa7 43. Nxf4 gxf4 44. Rxd5 Rxd5 45. Qxd5 Qxa6 46. Qd4+ Qf6 47. Qa4 Qe5 48. Qb4 Kg6 49. Kh2 h4 50. Qd2 Qe3 51. Qc2+ Kg5 52. Qh7 Qf2 53. Qg7+ Kf5 54.
Qg4+ Ke5 55. Qg5+ f5 56. Qe7+ Kd5 57. Qd7+ Ke5 58. Qc7+ Kf6 59. Qd8+ Kg6 60. Qg8+ Kh6 61. Qh8+ Kg6 62. Qg8+ Kh6 63. Qf8+ Kg6 64. Qd6+ Kg5 65. Qe7+ Kg6 66. Qe6+ Kg5 67. Qg8+ Kh6 1/2-1/2

[Event "Early-Titled-Tuesday-Blitz-October-03-2023"]
[Site "Chess.com"]
[Date "2023.10.03"]
[Round "2"]
[White "GM_dmitrij"]
[Black "GianmarcoVaR"]
[Result "0-1"]
[WhiteElo "3045"]
[BlackElo "2656"]
[TimeControl "180+1"]
[EndTime "8:18:05 PDT"]
[Termination "GianmarcoVaR won by resignation"]

1. e4 c5 2. Nf3 d6 3. Bb5+ Nd7 4. c4 Nf6 5. Nc3 g6 6. d3 Bg7 7. h3 O-O 8. Ba4 b6 9. Be3 Bb7 10. Qd2 Ne5 11. Nxe5 dxe5 12. g4 Rc8 13. f3 Bc6 14.
Bxc6 Rxc6 15. O-O-O Rd6 16. h4 h5 17. Qe2 Kh7 18.
Bg5 a6 19. Bxf6 Rxf6 20. gxh5 gxh5 21. Nd5 Rg6 22. f4 exf4 23. Qxh5+ Bh6 24. Kc2 Qd6 25. e5 Rg2+ 26. Kb3 Qg6 27. Qxg6+ fxg6 28. Nxe7 Re8 29. Nd5 Rxe5 30. Rhf1 Ree2 31. Rb1 Rg3 32. Rbd1 Bg7 33. Nxf4 Rxb2+ 34. Ka3 Rh2 35. Rh1 Rxh1 36. Rxh1 Rf3 37. Nd5 Rxd3+ 38. Ka4 b5+ 39. Ka5 bxc4 40. Nf4 Ra3+ 41.
Kb6 Rxa2 42. Kxc5 c3 43. h5 g5 44. Ne6 g4 45. Ng5+ Kh6 46. Nf7+ Kh7 47. Ng5+ Kg8 48.
h6 Ra5+ 49. Kc4 Rxg5 50. hxg7 g3 51. Kxc3 g2 52. Rg1 Kxg7 53. Kd3 a5 54. Ke4 a4 55.
Kf4 Rg6 56. Kf3 a3 57. Kf2 a2 58. Kf3 a1=Q 0-1

[Event "Early-Titled-Tuesday-Blitz-October-03-2023"]
[Site "Chess.com"]
[Date "2023.10.03"]
[Round "2"]
[White "mortngabriel"]
[Black "Arifarsky"]
[Result "1-0"]
[WhiteElo "2586"]
[BlackElo "2807"]
[TimeControl "180+1"]
[EndTime "8:18:06 PDT"]
[Termination "mortngabriel won on time"]

1. e4 c5 2. Nf3 e6 3. d4 cxd4 4.
Nxd4 a6 5. Bd3 Qc7 6. O-O Nf6 7. Nc3 Bc5 8. Nb3 Ba7 9. Qe2 Nc6 10.
Be3 O-O 11. Bxa7 Rxa7 12. Rad1 d6 13. f4 b5 14. Rf3 e5 15. Nd5 Qd8 16. f5 Re8 17. c4 Nxd5 18. cxd5 Nd4 19. Nxd4 exd4 20. Qf2 Qf6 21. Bb1 Rc7 22. Qxd4 Qxd4+ 23. Rxd4 Rc1+ 24. Rf1 Rc7 25. Kf2 Bd7 26. Kf3 f6 27. Rd2 Rec8 28.
g4 Rc1 29. Rdd1 R1c4 30. h4 h6 31. Rg1 Kf7 32. g5 hxg5 33. hxg5 Rh8 34. Rg3 Rh2 35. Rdg1 Rxb2 36. gxf6 Kxf6 37. Rg6+ Ke5 38. Rxg7 Bc8 39. Re7+ Kf6 40. Re8 Bd7 41. Rd8 Ke7 42. Rdg8 Be8 43. R8g7+ Bf7 44. R1g6 Rxb1 45. Re6+ Kf8 46. Rh7 Bxe6 47.
dxe6 Rb2 48. f6 1-0

[Event "Early-Titled-Tuesday-Blitz-October-03-2023"]
[Site "Chess.com"]
[Date "2023.10.03"]
[Round "2"]
[White "vedantgoswami"]
[Black "Markov_Mikhail"]
[Result "0-1"]
[WhiteElo "2389"]
[BlackElo "2714"]
[TimeControl "180+1"]
[EndTime "8:18:06 PDT"]
[Termination "Markov_Mikhail won by checkmate"]

1. c3 d5 2. d4 Nf6 3. Nf3 e6 4. Bf4 c5 5. Nbd2 Bd6 6. e3 Qc7 7. Bb5+ Nfd7 8. Bg3 O-O 9. Bd3 e5 10. dxe5 Nxe5 11. Nxe5 Bxe5 12. Bxh7+ Kxh7 13. Qh5+ Kg8 14. Qxe5 Qb6 15. b3 Nc6 16. Qh5 d4 17. cxd4 cxd4 18. O-O dxe3 19. Nf3 exf2+ 20. Bxf2 Qa5 21. Qxa5 Nxa5 22.
Rac1 Nc6 23. Nd4 Nxd4 24. Bxd4 Be6 25. Rc7 b6 26. Rf3 Rfd8 27. Bc3 Rdc8 28. Rxc8+ Rxc8 29. Rg3 g6 30. h4 Rc5 31. Kh2 Kh7 32. Bf6 Rf5 33. Bd4 Rf4 34. Be3 Rxh4+ 35. Kg1 Re4 36. Kf2 f6 37. Rf3 Bf5 38. Rf4 Re6 39. Ra4 Re7 40.
g4 Be4 41. g5 f5 42. Rd4 Rc7 43. Rd2 Kg8 44. Kg3 Kf7 45. Rd6 Rc2 46. Rf6+ Ke7 47. Bf4 Rg2+ 48. Kh3 Rf2 49. Be5 Rxa2 50. Rxg6 Re2 51.
Bf6+ Ke6 52. Rg7 f4 53. Rxa7 Bf5+ 54. Kh4 Rh2# 0-1

[Event "Early-Titled-Tuesday-Blitz-October-03-2023"]
[Site "Chess.com"]
[Date "2023.10.03"]
[Round "2"]
[White "ArmanGhevondyanchess"]
[Black "MightyGMpretender"]
[Result "1-0"]
[WhiteElo "2580"]
[BlackElo "2805"]
[TimeControl "180+1"]
[EndTime "8:18:10 PDT"]
[Termination "ArmanGhevondyanchess won by resignation"]

1. Nf3 Nf6 2. g3 d5 3. Bg2 e6 4. O-O Be7 5. d4 O-O 6. c4 c6 7.
Nc3 b6 8. b3 Ba6 9. Bb2 Nbd7 10. Ne5 Nxe5 11. dxe5 Nd7 12. cxd5 cxd5 13. f4 Rc8 14.
Kh1 Bb4 15. Rc1 Nc5 16. a3 Bxc3 17. Bxc3 Ne4 18. Bxe4 dxe4 19. Bb4 Rxc1 20. Qxc1 Bxe2 21. Bxf8 Bxf1 22. Bd6 Bd3 23. Qc7 Qxc7 24. Bxc7 e3 25. Kg2 f5 26. Bb8 a6 27. Ba7 e2 28. Kf2 b5 29. a4 bxa4 30. bxa4 Kf7 31. a5 Kg6 32. Bc5 Kh5 33. h3 g5 34. Be3 h6 35.
Bd2 Bb5 36. Be3 Kg6 37. Bd2 Bc4 38. Be3 Bd3 39. Bd2 Bb5 40. Be3 gxf4 41. Bxf4 h5 42. Bd2 Kf7 43. Ke3 Ke8 44. Kf4 Bc6 45. Ke3 Bb5 46. Kf4 Kd7 47. Kg5 Kc6 48. Kxh5 Kd5 49.
Kg5 Kxe5 50. h4 Bd3 51. h5 f4 52. gxf4+ Ke4 53. f5 Ke5 54. f6 Kd6 55. Bb4+ Kd7 56.
Kh6 e5 57. Kg7 e4 58. f7 1-0

[Event "Early-Titled-Tuesday-Blitz-October-03-2023"]
[Site "Chess.com"]
[Date "2023.10.03"]
[Round "2"]
[White "Stormtrooper90"]
[Black "Javylavilla"]
[Result "0-1"]
[WhiteElo "2526"]
[BlackElo "2361"]
[TimeControl "180+1"]
[EndTime "8:18:11 PDT"]
[Termination "Javylavilla won on time"]

1. Nf3 d5 2. g3 Nf6 3. Bg2 c5 4. O-O Nc6 5. d4 e6 6. c4 dxc4 7. Qa4 Be7 8. dxc5 O-O 9. Rd1 Qa5 10. Qxc4 Qxc5 11. Na3 e5 12. Be3 Qa5 13. Bd2 Qc7 14.
Nb5 Qb8 15. Be3 Be6 16. Qc1 a6 17. Nc3 Ng4 18. Bb6 f5 19. Ng5 Bxg5 20. Qxg5 Qe8 21. Nd5 h6 22. Qc1 Bxd5 23. Bxd5+ Kh8 24. Bxc6 bxc6 25.
Rd6 f4 26. Qxc6 Qh5 27. Qg2 fxg3 28. hxg3 e4 29. Rad1 Rae8 30. Rd8 Qb5 31. Rxe8 Rxe8 32. Bd4 Qxe2 33. Qf1 Qf3 34. Re1 e3 35. Bxe3 Nxe3 36. Rxe3 Rxe3 37. fxe3 Qxg3+ 38. Kh1 Qxe3 39. Qf8+ Kh7 40. Qf5+ Kg8 41. Qd5+ Kf8 42. Qd8+ Kf7 43. Qd7+ Kf6 44. Qd6+ Kf5 45. Qd5+ Qe5 46. Qd7+ Kf4 47. Qd2+ Qe3 48. Qd6+ Kf3 49. Qc6+ Qe4 50. Qxa6 Kg3+ 0-1